TOP OF THE 1ST |
Hartford Yard Goats batting - Pitching for Augusta GreenJackets : RHP Mike Moon
|
Pitching: RHP Mike Moon
|
|
Batting: LHB Glenn Lowther
|
0-0: Ball 1-0: Foul Ball, location: 2F 1-1: Ball 2-1: TRIPLE (Line Drive, 8RXD, EV 98.1 MPH)
|
Batting: LHB Bill McGregor
|
0-0: Ball 1-0: Ball 2-0: Called Strike 2-1: Ball 3-1: Called Strike 3-2: Foul Ball, location: 2F 3-2: Strikes out looking
|
Batting: RHB Eric Garrett
|
0-0: Foul Ball, location: 2F 0-1: 2-RUN HOME RUN (Flyball, 89XD, EV 108.8 MPH), Distance : 406 ft
|
Batting: LHB Jeremy Brammer
|
0-0: Ball 1-0: Called Strike 1-1: Swinging Strike 1-2: Foul Ball, location: 2F 1-2: Foul Ball, location: 2F 1-2: Foul Ball, location: 2F 1-2: Strikes out looking
|
Batting: RHB Tyler Stebbins
|
0-0: Ball 1-0: Ball 2-0: Called Strike 2-1: Ball 3-1: Foul Ball, location: 2F 3-2: Foul Ball, location: 2F 3-2: Strikes out swinging
|
Top of the 1st over - 2 runs, 2 hits, 0 errors, 0 left on base; Hartford 2 - Augusta 0 |
BOTTOM OF THE 1ST |
Augusta GreenJackets batting - Pitching for Hartford Yard Goats : RHP Gabe Stokes
|
Pitching: RHP Gabe Stokes
|
|
Batting: LHB J.P. Olson
|
0-0: Ball 1-0: Ball 2-0: Ground out U3 (Groundball, 3S, EV 86.9 MPH)
|
Batting: LHB Gil Caraveo
|
0-0: Called Strike 0-1: Ball 1-1: SINGLE (Line Drive, 4MD, EV 96.2 MPH)
|
Batting: LHB Jared Paige
|
0-0: Called Strike Gil Caraveo steals 2nd base 0-1: Called Strike 0-2: Ball 1-2: Strikes out swinging
|
Batting: RHB Josh Lippens
|
0-0: Ball 1-0: Reached on error, E5 (Groundball, 56S, EV 87.5 MPH) Gil Caraveo to third
|
Batting: RHB Devin Lowery
|
0-0: Ball 1-0: Called Strike Josh Lippens steals 2nd base 1-1: Foul Ball, location: 2F 1-2: Ball 2-2: Foul Ball, location: 2F 2-2: Strikes out swinging
|
Bottom of the 1st over - 0 runs, 1 hit, 1 error, 2 left on base; Hartford 2 - Augusta 0 |
TOP OF THE 2ND |
Hartford Yard Goats batting - Pitching for Augusta GreenJackets : RHP Mike Moon
|
Batting: RHB Chris Tatum
|
0-0: Foul Ball, location: 2F 0-1: Ball 1-1: Swinging Strike 1-2: Ball 2-2: Foul Ball, location: 2F 2-2: SINGLE (Groundball, 6MD, EV 94.4 MPH)
|
Batting: RHB Bryce Hickman
|
0-0: Foul Ball, location: 2F 0-1: Ball 1-1: Ball 2-1: SINGLE (Line Drive, 78M, EV 106.2 MPH) Chris Tatum to second Runner from 2nd tries for 3rd, SAFE, no throw by CF
|
Batting: RHB Guillermo Veronese
|
0-0: Called Strike 0-1: Swinging Strike 0-2: Strikes out swinging
|
Batting: LHB Elijah Black
|
0-0: Foul Ball, location: 2F 0-1: Ball 1-1: Foul Ball, location: 2F 1-2: Strikes out swinging
|
Batting: LHB Glenn Lowther
|
0-0: Ball 1-0: Swinging Strike 1-1: Ground out 4-3 (Groundball, 34D, EV 103.1 MPH)
|
Top of the 2nd over - 0 runs, 2 hits, 0 errors, 2 left on base; Hartford 2 - Augusta 0 |
BOTTOM OF THE 2ND |
Augusta GreenJackets batting - Pitching for Hartford Yard Goats : RHP Gabe Stokes
|
Batting: RHB Jonathan Reece
|
0-0: Foul Ball, location: 2F 0-1: Ball 1-1: Ball 2-1: Swinging Strike 2-2: Strikes out swinging
|
Batting: RHB Micah McErlean
|
0-0: Foul Ball, location: 2F 0-1: Ball 1-1: Foul Ball, location: 2F 1-2: Ball 2-2: Ball 3-2: Ground out 6-3 (Groundball, 6, EV 99.4 MPH)
|
Batting: RHB Gabe Ochoa
|
0-0: Ball 1-0: Ground out 1-3 (Groundball, 34S, EV 65.0 MPH)
|
Bottom of the 2nd over - 0 runs, 0 hits, 0 errors, 0 left on base; Hartford 2 - Augusta 0 |
TOP OF THE 3RD |
Hartford Yard Goats batting - Pitching for Augusta GreenJackets : RHP Mike Moon
|
Batting: LHB Bill McGregor
|
0-0: Ball 1-0: Ball 2-0: Called Strike 2-1: Foul Ball, location: 2F 2-2: Ground out 6-3 (Groundball, 6, EV 86.9 MPH)
|
Batting: RHB Eric Garrett
|
0-0: Ball 1-0: Foul Ball, location: 2F 1-1: Ground out 6-3 (Groundball, 6, EV 83.8 MPH)
|
Batting: LHB Jeremy Brammer
|
0-0: Called Strike 0-1: Swinging Strike 0-2: Ball 1-2: Ball 2-2: Strikes out swinging
|
Top of the 3rd over - 0 runs, 0 hits, 0 errors, 0 left on base; Hartford 2 - Augusta 0 |
BOTTOM OF THE 3RD |
Augusta GreenJackets batting - Pitching for Hartford Yard Goats : RHP Gabe Stokes
|
Batting: RHB Ryan Johnston
|
0-0: Foul Ball, location: 2F 0-1: Ball 1-1: Ball 2-1: Fly out, F9 (Flyball, 89D, EV 97.5 MPH)
|
Batting: LHB J.P. Olson
|
0-0: Ground out 6-3 (Groundball, 4MD, EV 100.6 MPH)
|
Batting: LHB Gil Caraveo
|
0-0: Ball 1-0: Swinging Strike 1-1: Ball 2-1: Foul Ball, location: 2F 2-2: Strikes out swinging
|
Bottom of the 3rd over - 0 runs, 0 hits, 0 errors, 0 left on base; Hartford 2 - Augusta 0 |
TOP OF THE 4TH |
Hartford Yard Goats batting - Pitching for Augusta GreenJackets : RHP Mike Moon
|
Batting: RHB Tyler Stebbins
|
0-0: Ball 1-0: Ball 2-0: Foul Ball, location: 2F 2-1: Called Strike 2-2: Fly out, F6 (Popup, 6, EV 66.2 MPH)
|
Batting: RHB Chris Tatum
|
0-0: Ball 1-0: Called Strike 1-1: Ground out 5-3 (Groundball, 56, EV 109.4 MPH)
|
Batting: RHB Bryce Hickman
|
0-0: Called Strike 0-1: Foul Ball, location: 2F 0-2: Foul Ball, location: 2F 0-2: Strikes out swinging, 2-3 out at first.
|
Top of the 4th over - 0 runs, 0 hits, 0 errors, 0 left on base; Hartford 2 - Augusta 0 |
BOTTOM OF THE 4TH |
Augusta GreenJackets batting - Pitching for Hartford Yard Goats : RHP Gabe Stokes
|
Batting: LHB Jared Paige
|
0-0: Called Strike 0-1: Ground out 5-3 (Groundball, 56S, EV 80.6 MPH)
|
Batting: RHB Josh Lippens
|
0-0: Called Strike 0-1: Called Strike 0-2: Ball 1-2: Ball 2-2: Foul Ball, location: 2F 2-2: Ball 3-2: SINGLE (Line Drive, 6D, EV 96.9 MPH)
|
Batting: RHB Devin Lowery
|
0-0: Ball Josh Lippens steals 2nd base 1-0: Called Strike 1-1: Swinging Strike 1-2: Foul Ball, location: 2F 1-2: DOUBLE (Flyball, 8RXD, EV 103.1 MPH) Josh Lippens scores
|
Batting: RHB Jonathan Reece
|
0-0: Called Strike Devin Lowery steals 3rd base 0-1: Ball 1-1: Ball 2-1: Ball 3-1: Called Strike 3-2: Ground out 5-3 (Groundball, 5S, EV 85.0 MPH)
|
Batting: RHB Micah McErlean
|
0-0: Ball 1-0: SINGLE (Line Drive, 89S, EV 106.2 MPH) Devin Lowery scores
|
Batting: RHB Gabe Ochoa
|
0-0: Ball 1-0: Ball 2-0: Called Strike 2-1: DOUBLE (Line Drive, 7LM, EV 105.6 MPH) Micah McErlean to third
|
Batting: RHB Ryan Johnston
|
0-0: Ball 1-0: Foul Ball, location: 2F 1-1: Foul Ball, location: 2F 1-2: Strikes out swinging
|
Bottom of the 4th over - 2 runs, 4 hits, 0 errors, 2 left on base; Hartford 2 - Augusta 2 |
TOP OF THE 5TH |
Hartford Yard Goats batting - Pitching for Augusta GreenJackets : RHP Mike Moon
|
Batting: RHB Guillermo Veronese
|
0-0: Called Strike 0-1: Called Strike 0-2: Ball 1-2: Strikes out looking
|
Batting: LHB Elijah Black
|
0-0: Ball 1-0: Ball 2-0: Called Strike 2-1: Swinging Strike 2-2: Ball 3-2: Strikes out swinging
|
Batting: LHB Glenn Lowther
|
0-0: Called Strike 0-1: Ground out 6-3 (Groundball, 6, EV 100.6 MPH)
|
Top of the 5th over - 0 runs, 0 hits, 0 errors, 0 left on base; Hartford 2 - Augusta 2 |
BOTTOM OF THE 5TH |
Augusta GreenJackets batting - Pitching for Hartford Yard Goats : RHP Gabe Stokes
|
Batting: LHB J.P. Olson
|
0-0: Ball 1-0: Called Strike 1-1: Ball 2-1: Ball 3-1: Base on Balls
|
Batting: LHB Gil Caraveo
|
0-0: Called Strike J.P. Olson steals 2nd base 0-1: Ball 1-1: SINGLE (Line Drive, 6M, EV 105.6 MPH) J.P. Olson to third
|
Batting: LHB Jared Paige
|
0-0: Called Strike Gil Caraveo steals 2nd base 0-1: Swinging Strike 0-2: Foul Ball, location: 2F 0-2: Strikes out swinging
|
Pitching: RHP Diego Arredondo
|
|
Batting: RHB Josh Lippens
|
0-0: Called Strike 0-1: Ball 1-1: Ball Passed Ball! J.P. Olson scores Gil Caraveo to third 2-1: Called Strike 2-2: Strikes out swinging
|
Batting: RHB Devin Lowery
|
0-0: Ball 1-0: Ground out 6-3 (Groundball, 6, EV 98.1 MPH)
|
Bottom of the 5th over - 1 run, 1 hit, 0 errors, 1 left on base; Hartford 2 - Augusta 3 |
TOP OF THE 6TH |
Hartford Yard Goats batting - Pitching for Augusta GreenJackets : RHP Mike Moon
|
Batting: LHB Bill McGregor
|
0-0: Called Strike 0-1: Called Strike 0-2: Ball 1-2: Ball 2-2: Strikes out swinging
|
Pitching: RHP Josh Aronhalt
|
|
Batting: RHB Eric Garrett
|
0-0: Foul Ball, location: 2F 0-1: Ball 1-1: Foul Ball, location: 2F 1-2: Strikes out looking
|
Batting: LHB Jeremy Brammer
|
0-0: Swinging Strike 0-1: Ground out 5-3 (Groundball, 56, EV 105.6 MPH)
|
Top of the 6th over - 0 runs, 0 hits, 0 errors, 0 left on base; Hartford 2 - Augusta 3 |
BOTTOM OF THE 6TH |
Augusta GreenJackets batting - Pitching for Hartford Yard Goats : RHP Diego Arredondo
|
Batting: RHB Jonathan Reece
|
0-0: Called Strike 0-1: Ball 1-1: Foul Ball, location: 2F 1-2: Ground out 1-3 (Groundball, 23, EV 75.6 MPH)
|
Batting: RHB Micah McErlean
|
0-0: Called Strike 0-1: Ball 1-1: Ground out 5-3 (Groundball, 5S, EV 85.0 MPH)
|
Batting: RHB Gabe Ochoa
|
0-0: Called Strike 0-1: SINGLE (Groundball, 4MD, EV 98.8 MPH)
|
Batting: RHB Ryan Johnston
|
0-0: Called Strike 0-1: Ball 1-1: Swinging Strike 1-2: Ball 2-2: Ball 3-2: Strikes out swinging
|
Bottom of the 6th over - 0 runs, 1 hit, 0 errors, 1 left on base; Hartford 2 - Augusta 3 |
TOP OF THE 7TH |
Hartford Yard Goats batting - Pitching for Augusta GreenJackets : RHP Josh Aronhalt
|
Batting: RHB Tyler Stebbins
|
0-0: Called Strike 0-1: Ball 1-1: Foul Ball, location: 2F 1-2: Ball 2-2: Foul Ball, location: 2F 2-2: SINGLE (Flyball, 78S, EV 91.2 MPH)
|
Batting: RHB Chris Tatum
|
0-0: Called Strike 0-1: Fly out, F9 (Flyball, 89S, EV 95.0 MPH)
|
Batting: RHB Bryce Hickman
|
0-0: Ball 1-0: Ball 2-0: Called Strike 2-1: Foul Ball, location: 2F 2-2: Fly out, F8 (Flyball, 8RS, EV 87.5 MPH)
|
Batting: RHB Guillermo Veronese
|
0-0: Ball 1-0: Ball Wild Pitch! Tyler Stebbins to second 2-0: Swinging Strike 2-1: Foul Ball, location: 2F 2-2: Ground out 6-3 (Groundball, 56, EV 83.1 MPH)
|
Top of the 7th over - 0 runs, 1 hit, 0 errors, 1 left on base; Hartford 2 - Augusta 3 |
BOTTOM OF THE 7TH |
Augusta GreenJackets batting - Pitching for Hartford Yard Goats : RHP Diego Arredondo
|
Pitching: LHP Ryouhei Hosaka
|
|
Batting: LHB J.P. Olson
|
0-0: Foul Ball, location: 2F 0-1: Ball 1-1: Ball 2-1: Ball 3-1: Foul Ball, location: 2F 3-2: Foul Ball, location: 2F 3-2: Foul Ball, location: 2F 3-2: Fly out, F9 (Flyball, 9LM, EV 103.8 MPH)
|
Batting: LHB Gil Caraveo
|
0-0: Ball 1-0: Fly out, F7 (Flyball, 7D, EV 101.9 MPH)
|
Batting: LHB Jared Paige
|
0-0: Ball 1-0: SINGLE (Line Drive, 6D, EV 96.9 MPH)
|
Pitching: RHP Tony Barragan
|
|
Batting: RHB Josh Lippens
|
0-0: Ball 1-0: Ball 2-0: Swinging Strike 2-1: Ball 3-1: SINGLE (Groundball, 5D, EV 101.9 MPH) Jared Paige to second Runner from 2nd tries for 3rd, SAFE, no throw by LF
|
Batting: RHB Devin Lowery
|
Pickoff Throw to First - Out! 1-3
|
Bottom of the 7th over - 0 runs, 2 hits, 0 errors, 1 left on base; Hartford 2 - Augusta 3 |
TOP OF THE 8TH |
Hartford Yard Goats batting - Pitching for Augusta GreenJackets : RHP Josh Aronhalt
|
Batting: LHB Elijah Black
|
0-0: Called Strike 0-1: Called Strike 0-2: Foul Ball, location: 2F 0-2: Strikes out swinging
|
Batting: LHB Glenn Lowther
|
0-0: Foul Ball, location: 2F 0-1: Ground out 5-3 (Groundball, 5L, EV 102.5 MPH)
|
Batting: LHB Bill McGregor
|
0-0: Ball 1-0: Ball 2-0: Foul Ball, location: 2F 2-1: Ball 3-1: Base on Balls
|
Batting: RHB Eric Garrett
|
0-0: Called Strike 0-1: Ball 1-1: Ball 2-1: Called Strike 2-2: Ball 3-2: Foul Ball, location: 2F 3-2: Strikes out swinging
|
Top of the 8th over - 0 runs, 0 hits, 0 errors, 1 left on base; Hartford 2 - Augusta 3 |
BOTTOM OF THE 8TH |
Augusta GreenJackets batting - Pitching for Hartford Yard Goats : RHP Tony Barragan
|
Pitching: RHP Angelo Ayala
|
|
Batting: RHB Devin Lowery
|
0-0: Ball 1-0: SINGLE (Flyball, 5D, EV 85.6 MPH)
|
Batting: RHB Jonathan Reece
|
0-0: Called Strike 0-1: Ball 1-1: Ball 2-1: Ball 3-1: Grounds into double play, 6-4-3 (Groundball, 6, EV 90.6 MPH)
|
Batting: RHB Micah McErlean
|
0-0: Called Strike 0-1: Ball 1-1: Ball 2-1: Ball 3-1: Called Strike 3-2: Foul Ball, location: 2F 3-2: Base on Balls
|
Batting: RHB Gabe Ochoa
|
0-0: Foul Ball, location: 2F 0-1: Ball 1-1: Fielders Choice at 2nd, 6-4 (Groundball, 6, EV 85.0 MPH)
|
Bottom of the 8th over - 0 runs, 1 hit, 0 errors, 1 left on base; Hartford 2 - Augusta 3 |
TOP OF THE 9TH |
Hartford Yard Goats batting - Pitching for Augusta GreenJackets : RHP Josh Aronhalt
|
Pitching: RHP Takashi Kino
|
|
Batting: LHB Jeremy Brammer
|
0-0: Ball 1-0: Ball 2-0: Foul Ball, location: 2F 2-1: Ball 3-1: Base on Balls
|
Pinch Hitting: LHB Greg Valenzuela
|
0-0: Called Strike 0-1: Swinging Strike 0-2: Ball 1-2: Ball 2-2: Strikes out swinging
|
Batting: RHB Chris Tatum
|
0-0: Ball 1-0: Ball 2-0: SINGLE (Line Drive, 9S, EV 103.1 MPH) Jeremy Brammer to second
|
Batting: RHB Bryce Hickman
|
0-0: Called Strike 0-1: Foul Ball, location: 2F 0-2: Ball 1-2: Fly out, F7 (Flyball, 7S, EV 86.9 MPH)
|
Batting: RHB Guillermo Veronese
|
0-0: Swinging Strike 0-1: Foul Ball, location: 2F 0-2: Ball 1-2: Ball 2-2: Ball 3-2: Strikes out swinging
|
Top of the 9th over - 0 runs, 1 hit, 0 errors, 2 left on base; Hartford 2 - Augusta 3 |
|